 Dungeon Crawl Stone Soup version 0.17-a0-2098-gf59d6bc (webtiles) character file.

101203 brucemayne the Executioner (level 15, -3/129 HPs)
             Began as a Hill Orc Berserker on Oct 17, 2015.
             Was an Elder of Trog.
             Killed from afar by a merfolk aquamancer (15 damage)
             ... with a great wave of water
             ... on level 4 of the Shoals.
             The game lasted 01:16:38 (11881 turns).

brucemayne the Executioner (Hill Orc Berserker)    Turns: 11881, Time: 01:16:38

Health: -3/129     AC: 31    Str: 19    XL:     15   Next: 93%
Magic:  20/20      EV: 16    Int: 13    God:    Trog [****..]
Gold:   1273       SH:  0    Dex: 19    Spells: 0 memorised, 14 levels left

rFire  + . .     SeeInvis .     b - +2 battleaxe (protect)
rCold  + . .     Clarity  .     w - +0 plate armour {rPois}
rNeg   + . .     SustAt   .     (no shield)
rPois  +         Gourm    .     u - +0 helmet {rF+}
rElec  .         Spirit   .     R - +1 cloak {rF+}
rCorr  .         Warding  .     D - +2 pair of gloves {Dex+3}
rMut   .         Stasis   .     l - +0 pair of boots
MR     +++++                    (no amulet)
Stlth  ..........               G - ring of ice
                                o - ring of the Many Suns {rN+ MR+++ Str-4 Int+3 Stlth+}

@: agile, exhausted, engulfed (cannot breathe), very slightly contaminated,
regenerating, hasted and slowed, almost entirely resistant to hostile
enchantments, extremely unstealthy
A: no striking features
a: Burn Spellbooks, Berserk, Trog's Hand, Brothers in Arms, Renounce Religion
}: 1/15 runes: serpentine


You were on level 4 of the Shoals.
You worshipped Trog.
Trog was greatly pleased with you.
You were near starving.

You visited 7 branches of the dungeon, and saw 35 of its levels.
You visited 1 bazaar.
You also visited: Ice Cave and Volcano.

You collected 2551 gold pieces.
You spent 1278 gold pieces at shops.

Inventory:

Hand Weapons
 b - a +2 battleaxe of protection (weapon)
 m - a +2 battleaxe of freezing
 n - a +2 broad axe of flaming
Missiles
 X - 2 throwing nets (quivered)
Armour
 l - a +0 pair of boots (worn)
 u - a +0 helmet of fire resistance (worn)
 w - a +0 plate armour of poison resistance (worn)
 D - a +2 pair of gloves of dexterity (worn)
 R - a +1 cloak of fire resistance (worn)
Jewellery
 a - an uncursed ring of teleportation
 o - the ring of the Many Suns (left hand) {rN+ MR+++ Str-4 Int+3 Stlth+}
   (You found it on level 1 of the Shoals)

   [ring of intelligence]

   It affects your strength (-4).
   It affects your intelligence (+3).
   It protects you from negative energy.
   It affects your resistance to hostile enchantments.
   It makes you more stealthy.
 G - a ring of ice (right hand)
 I - an uncursed ring of fire
 L - a +4 ring of evasion
 S - an uncursed ring of see invisible
 V - an uncursed amulet of the gourmand {unknown}
 W - an uncursed ring of positive energy
 Y - an uncursed amulet of resist corrosion
Wands
 k - a wand of paralysis (5)
 t - a wand of magic darts (29)
 y - a wand of heal wounds (1)
 B - a wand of disintegration (10)
 H - a wand of draining (0)
 J - a wand of cold (12)
 U - a wand of cold (9)
Scrolls
 d - 4 scrolls of teleportation
 f - 2 scrolls of recharging
 i - 2 scrolls of enchant weapon
 s - 3 scrolls of remove curse
 v - a scroll of fear
 A - 2 scrolls of blinking
Potions
 e - a potion of brilliance {unknown}
 j - 3 potions of might
 p - 4 potions of flight
 q - a potion of berserk rage {unknown}
 r - 2 potions of mutation {unknown}
 x - 2 potions of degeneration {unknown}
 z - a potion of invisibility {unknown}
 C - a potion of cure mutation {unknown}
 E - a potion of magic {unknown}
 F - 8 potions of curing
 N - a potion of agility
 P - a potion of cancellation {unknown}
Comestibles
 c - 7 bread rations
 g - 4 chunks of flesh
 h - 4 meat rations


   Skills:
 - Level 11.0 Fighting
 - Level 22.9 Axes
 - Level 14.7 Armour
 + Level 8.2 Dodging
 - Level 7.0 Evocations


You had 14 spell levels left.
You didn't know any spells.

Dungeon Overview and Level Annotations

Branches:
Dungeon (13/15)            Temple (1/1) D:4            Lair (8/8) D:11
 Shoals (4/4) Lair:3        Snake (4/4) Lair:6        Slime (0/6) Lair:7
    Orc (4/4) D:9             Elf (1/3) Orc:3
 Vaults: D:13-14

Altars:
Ashenzari
Cheibriados
Dithmenos
Elyvilon
Fedhas
Gozag
Makhleb
Nemelex Xobeh
Okawaru
Qazlal
Ru
Sif Muna
Trog
Vehumet
Xom
Yredelemnul
Zin
The Shining One
Jiyva

Shops:
D:4 [:%   D:6 =   Orc:1 (   Orc:2 *   Orc:4 =[*(

Portals:
Hell: Lair:8

Annotations:
D:5 Prince Ribbit
D:12 Frances
Lair:7 Armakuni's ghost, journeyman DgNe
Orc:4 exclusion: upstairs


Message History

You feel agile all of a sudden.
* * * LOW HITPOINT WARNING * * *
Your lungs strain for air!
The merfolk aquamancer hits you but does no damage.
The merfolk hits you but does no damage.
The water elemental barely misses you.
The merfolk hits you but does no damage.
Unknown command.
Unknown command.
Evoke which item? (* to show all) (? for menu, Esc to quit)
Zapping:
y - a wand of heal wounds (2)
Press: ? - help, Shift-Dir - straight line, f - you You feel much better.
This wand has 1 charge left.
* * * LOW HITPOINT WARNING * * *
Your lungs strain for air!
The sea snake bites you!
* * * LOW HITPOINT WARNING * * *
The merfolk aquamancer points at you and mumbles some strange words.
The great wave of water hits you!
You die...

.≈≈≈≈...≈≈≈ #.≈≈≈≈≈≈≈≈≈
#..≈≈≈≈≈≈≈≈ ≈ #..≈....≈.. ≈≈
#.........≈ ≈≈≈ ##..m# ≈≈≈≈≈
#+##....# .≈≈≈≈≈ .........#
###.≈≈≈≈≈
........≈≈###@m≈≈.≈≈≈
≈........≈.≈)SmEm...≈≈
≈≈≈........≈≈...)≈..##.≈
≈≈≈≈........≈..≈≈≈.....
≈≈≈≈≈≈........≈≈≈≈≈....≈
≈≈≈≈≈≈≈......≈≈≈≈≈≈..≈≈≈≈≈..
≈≈≈≈≈≈≈.....≈≈≈≈≈≈≈....≈≈...
≈≈≈≈≈≈≈≈...≈≈≈≈≈≈≈≈.....≈...
≈≈≈≈.≈≈≈......≈≈≈≈≈.....≈.#.


You could see a sea snake, a merfolk aquamancer, 2 merfolk and a water
elemental.

Vanquished Creatures
  Jorgrun (Snake:4)
  3 greater nagas (Snake:4)
  A white draconian (IceCv)
  A dire elephant (Lair:8)
  A merfolk impaler (Shoals:4)
  Josephine (D:10)
  3 hydras
  An ice dragon (Lair:8)
  8 naga warriors (Snake:4)
  An anaconda (Snake:3)
  The ghost of brucemayne the Severer, a novice HOBe of Trog (D:12)
  A catoblepas (Lair:5)
  A satyr (Shoals:3)
  2 death yaks (IceCv)
  2 orc high priests (Orc:4)
  2 shock serpents (Snake:4)
  5 naga sharpshooters (Snake:4)
  Nergalle (D:11)
  A sea snake (Shoals:1)
  An ice statue (IceCv)
  2 hill giants
  3 harpies (Shoals:2)
  A mana viper (Snake:1)
  3 orc knights (Orc:4)
  A wizard (Lair:8)
  2 lindwurms
  2 ugly things
  A cyclops (D:11)
  2 orc sorcerers (Orc:4)
  2 griffons
  A manticore (Shoals:4)
  A sixfirhy (Lair:8)
  16 naga magi (Snake:4)
  A smoke demon (Lair:8)
  9 spiny frogs
  8 black mambas
  2 orange demons (Lair:8)
  A gargoyle (D:11)
  3 komodo dragons
  2 yaktaurs (Volcano)
  A hellwing (Lair:8)
  5 fire drakes
  3 blue devils (Lair:8)
  9 merfolk
  A troll (Orc:4)
  19 polar bears
  10 blink frogs
  A water elemental (Shoals:4)
  4 humans (D:12)
  A wyvern (D:9)
  47 yaks
  6 hippogriffs
  A hungry ghost (D:12)
  Grum (D:8)
  6 wraiths
  A steam dragon (Lair:6)
  13 nagas
  17 wolves
  2 wargs
  2 mottled dragons (Lair:6)
  11 water moccasins
  5 porcupines
  A hell hound (Lair:8)
  13 orc warriors
  An ice beast (D:12)
  4 black bears
  8 ogres
  6 centaurs
  2 phantoms
  10 crocodiles
  A necrophage (D:7)
  16 giant frogs
  A wyvern skeleton (D:11)
  5 scorpions
  A troll skeleton (D:9)
  4 spriggan skeletons (D:9)
  7 crimson imps
  3 centaur zombies
  14 orc priests
  6 hounds
  2 jellies
  4 centaur skeletons
  A giant frog skeleton (D:5)
  8 iguanas
  15 orc wizards
  12 worker ants
  12 sheep
  A hound skeleton (D:4)
  9 adders
  41 river rats
  2 shadow imps (D:8)
  An adder skeleton (D:6)
  An adder zombie (D:9)
  A worm (D:5)
  3 giant geckos
  96 orcs
  2 bats (D:3)
  3 giant cockroaches
  4 goblins
  4 hobgoblins
  7 jackals
  2 kobolds (D:3)
  5 quokkas
  5 giant newts
  A quokka skeleton (D:8)
  A rat (D:3)
  4 fungi
  A plant (Lair:8)
618 creatures vanquished.

Vanquished Creatures (collateral kills)
  An orc warlord (Orc:4)
  2 hydras
  An orc high priest (Orc:4)
  A naga sharpshooter (Snake:4)
  A naga ritualist (Snake:4)
  2 orc sorcerers (Orc:4)
  An orc knight (Orc:4)
  A salamander (Snake:4)
  A spiny frog (Lair:7)
  A black mamba (Lair:4)
  2 naga magi (Snake:4)
  An orange demon (Lair:8)
  A red devil (Lair:8)
  2 blue devils (Lair:8)
  A naga (Snake:4)
  A water moccasin (Lair:7)
  An orc warrior (Orc:4)
  2 ogres (Orc:4)
  An orc (Orc:4)
24 creatures vanquished.

Vanquished Creatures (others)
  A polar bear (IceCv)
  2 yaks (IceCv)
  3 wolves (IceCv)
  An orc (Orc:1)
  6 fungi
  A plant (Shoals:1)
14 creatures vanquished.

Grand Total: 656 creatures vanquished

Notes
Turn   | Place    | Note
--------------------------------------------------------------
     0 | D:1      | brucemayne the Hill Orc Berserker began the quest for the Orb.
     0 | D:1      | Reached XP level 1. HP: 19/19 MP: 1/1
    69 | D:2      | Reached XP level 2. HP: 11/26 MP: 2/2
   170 | D:3      | Reached skill level 5 in Axes
   404 | D:3      | Reached skill level 6 in Axes
   404 | D:3      | Reached XP level 3. HP: 23/31 MP: 3/3
   571 | D:3      | Reached XP level 4. HP: 23/39 MP: 4/4
   859 | D:3      | Reached ** piety under Trog
   907 | D:4      | Found Vaagaolo's Armour Boutique.
   916 | D:4      | Reached skill level 7 in Axes
   968 | D:4      | Found a staircase to the Ecumenical Temple.
   975 | Temple   | Entered the Ecumenical Temple
  1028 | D:5      | Entered Level 5 of the Dungeon
  1058 | D:5      | Noticed a hippogriff
  1068 | D:5      | Reached XP level 5. HP: 45/45 MP: 5/5
  1073 | D:5      | Killed a hippogriff
  1073 | D:5      | Reached skill level 8 in Axes
  1073 | D:5      | Reached XP level 6. HP: 51/51 MP: 6/6
  1167 | D:5      | Reached skill level 9 in Axes
  1292 | D:5      | Noticed a centaur
  1301 | D:5      | Killed a centaur
  1330 | D:5      | Reached XP level 7. HP: 25/57 MP: 7/7
  1451 | D:4      | Found Lushrubb's Food Shoppe.
  1540 | D:4      | Found Femu's Book Shop.
  1596 | D:5      | Reached skill level 10 in Axes
  1611 | D:5      | Noticed Prince Ribbit
  1720 | D:5      | Reached skill level 5 in Fighting
  1747 | D:6      | Found Kepn's Jewellery Emporium.
  1874 | D:7      | Reached XP level 8. HP: 65/70 MP: 8/8
  1922 | D:6      | Reached skill level 11 in Axes
  2120 | D:7      | Reached skill level 5 in Armour
  2143 | D:8      | Noticed Grum
  2147 | D:8      | Killed Grum
  2147 | D:8      | Reached skill level 12 in Axes
  2149 | D:8      | Reached XP level 9. HP: 75/75 MP: 9/9
  2152 | D:8      | Reached *** piety under Trog
  2422 | D:9      | Reached skill level 13 in Axes
  2573 | D:9      | Got a steaming shield
  2579 | D:9      | Identified the -4 shield of the Four Cities {rF++} (You found it on level 9 of the Dungeon)
  2650 | D:10     | Entered Level 10 of the Dungeon
  2650 | D:10     | Noticed Josephine
  2811 | D:11     | Noticed a gargoyle
  2820 | D:11     | Killed a gargoyle
  2820 | D:11     | Reached skill level 14 in Axes
  2820 | D:11     | Reached XP level 10. HP: 83/83 MP: 10/10
  2936 | D:12     | Noticed a red ugly thing
  2947 | D:12     | Killed a red ugly thing
  2992 | D:11     | Reached skill level 15 in Axes
  3007 | D:11     | Noticed a hill giant
  3013 | D:11     | Noticed a centaur skeleton
  3013 | D:11     | Noticed a green ugly thing
  3026 | D:11     | Killed a centaur skeleton
  3034 | D:11     | Killed a green ugly thing
  3041 | D:11     | Killed a hill giant
  3054 | D:11     | Noticed Nergalle
  3142 | D:11     | Noticed a spectral orc warlord
  3155 | D:11     | Killed Nergalle
  3155 | D:11     | Reached skill level 16 in Axes
  3155 | D:11     | Reached XP level 11. HP: 94/94 MP: 11/11
  3155 | D:11     | Killed a spectral orc warlord
  3243 | D:12     | Noticed brucemayne's ghost (novice HOBe)
  3287 | D:11     | Found a staircase to the Lair.
  3486 | D:12     | Noticed Frances
  3539 | D:12     | Reached **** piety under Trog
  3549 | D:12     | Found a flickering gateway to a bazaar.
  3556 | D:12     | Noticed a hill giant
  3585 | D:12     | Killed a hill giant
  3585 | D:12     | Reached skill level 17 in Axes
  3601 | Bazaar   | Entered a bazaar
  3603 | Bazaar   | Found Nyha Egu's Gadget Boutique.
  3607 | Bazaar   | Found Muakhoun's Jewellery Boutique.
  3607 | Bazaar   | Found Nypaom's Magic Scroll Boutique.
  3607 | Bazaar   | Found Teassuam's Antique Weapon Boutique.
  3627 | Bazaar   | Bought an uncursed ring of see invisible for 120 gold pieces
  3744 | D:12     | Killed brucemayne's ghost
  3867 | D:11     | Identified a scroll of acquirement
  4228 | D:11     | Noticed a cyclops
  4248 | D:11     | Killed a cyclops
  4518 | D:9      | Received a gift from Trog
  4611 | D:10     | Reached skill level 18 in Axes
  4613 | D:10     | Killed Josephine
  4613 | D:10     | Reached skill level 10 in Fighting
  4872 | D:6      | Bought a cursed ring of teleportation for 203 gold pieces
  4992 | D:9      | Found a staircase to the Orcish Mines.
  5000 | Orc:1    | Entered Level 1 of the Orcish Mines
  5111 | Orc:2    | Reached ***** piety under Trog
  5113 | Orc:2    | Reached XP level 12. HP: 79/107 MP: 12/12
  5128 | Orc:2    | Reached skill level 1 in Evocations
  5156 | Orc:2    | Found Coriny's Commerce Corner.
  5524 | Orc:3    | Found a staircase to the Elven Halls.
  5541 | Elf:1    | Entered Level 1 of the Elven Halls
  5714 | Orc:4    | Entered Level 4 of the Orcish Mines
  5714 | Orc:4    | Found an iron altar of Okawaru.
  5756 | Orc:4    | Received a gift from Trog
  5813 | Orc:3    | Noticed an orc warlord
  5854 | Orc:4    | Noticed an orc warlord
  5863 | Orc:4    | Noticed an orc high priest
  5869 | Orc:4    | Killed an orc warlord
  5872 | Orc:4    | Killed an orc high priest
  5880 | Orc:4    | Reached skill level 19 in Axes
  5962 | Orc:4    | Found Itouliw's Jewellery Shoppe.
  5985 | Orc:4    | Found Epi Ren's Antique Armour Shop.
  6060 | Orc:4    | Noticed an orc high priest
  6071 | Orc:4    | HP: 2/107 [sun demon[an orc high priest] (15)]
  6073 | Orc:4    | Killed an orc high priest
  6265 | Orc:4    | Found Geptomn's Antique Weapon Emporium.
  6269 | Orc:4    | Noticed an orc high priest
  6294 | Orc:4    | Killed an orc high priest
  6342 | Orc:4    | Reached skill level 20 in Axes
  6459 | Orc:4    | Found Teacherch's General Store.
  6468 | Orc:4    | Bought a scroll of blinking for 75 gold pieces
  6468 | Orc:4    | Bought a potion of agility for 40 gold pieces
  6490 | Orc:4    | Bought a heavily runed plate armour for 840 gold pieces
  6541 | Orc:4    | Identified the +1 plate armour of the Tuna {+Fly Stlth+} (You bought it in a shop on level 4 of the Orcish Mines)
  6814 | Orc:1    | Found Yxaipsec's Antique Weapon Shoppe.
  6978 | Lair:1   | Entered Level 1 of the Lair of Beasts
  7214 | Lair:3   | Found a staircase to the Shoals.
  7276 | Lair:3   | Reached skill level 21 in Axes
  7276 | Lair:3   | Reached XP level 13. HP: 44/114 MP: 16/16
  7829 | Lair:4   | Reached skill level 10 in Armour
  8140 | Lair:6   | Found a staircase to the Snake Pit.
  8223 | Lair:7   | Noticed Armakuni's ghost (journeyman DgNe)
  8432 | Lair:6   | Found a dark tunnel.
  8440 | Volcano  | Entered a volcano
  8682 | Lair:7   | Got a bloodstained dagger
  8707 | Lair:7   | Found a viscous altar of Jiyva.
  8709 | Lair:7   | Found a staircase to the Slime Pits.
  8714 | Lair:8   | Entered Level 8 of the Lair of Beasts
  8769 | Lair:8   | Reached ****** piety under Trog
  9031 | Lair:8   | Found a frozen archway.
  9044 | Lair:8   | Reached XP level 14. HP: 80/124 MP: 17/17
  9092 | IceCv    | Entered an ice cave
  9327 | IceCv    | Received a gift from Trog
  9914 | Lair:8   | Found a burning altar of Makhleb.
  9967 | Lair:8   | Reached skill level 22 in Axes
 10036 | Lair:8   | Received a gift from Trog
 10067 | Lair:8   | Found a gateway to Hell.
 10098 | Lair:8   | Noticed a dire elephant
 10109 | Lair:8   | Killed a dire elephant
 10251 | Snake:1  | Entered Level 1 of the Snake Pit
 10395 | Snake:4  | Entered Level 4 of the Snake Pit
 10496 | Snake:4  | Received a gift from Trog
 10656 | Snake:4  | Noticed a greater naga
 10673 | Snake:4  | Killed a greater naga
 10673 | Snake:4  | Reached XP level 15. HP: 81/129 MP: 18/18
 10732 | Snake:4  | Noticed Jorgrun
 10768 | Snake:4  | Killed Jorgrun
 10768 | Snake:4  | Reached skill level 5 in Evocations
 10954 | Snake:4  | Noticed a greater naga
 10954 | Snake:4  | Noticed a greater naga
 10963 | Snake:4  | Killed a greater naga
 10965 | Snake:4  | Killed a greater naga
 11048 | Snake:4  | Reached skill level 5 in Dodging
 11162 | Snake:4  | Got a serpentine rune of Zot
 11446 | Shoals:1 | Entered Level 1 of the Shoals
 11499 | Shoals:1 | Got a twitching marble ring
 11555 | Shoals:2 | Identified the ring of the Many Suns {rN+ MR+++ Str-4 Int+3 Stlth+} (You found it on level 1 of the Shoals)
 11751 | Shoals:4 | Entered Level 4 of the Shoals
 11880 | Shoals:4 | HP: 1/129 [drowned by a water elemental (7)]
 11881 | Shoals:4 | Killed from afar by a merfolk aquamancer

Vault maps used:
D:1:      dpeg_arrival_windows_large_door
D:2:      kiku_gazebo_garden_becter, first_bread
D:3:      kennysheep_generic_room_11
D:4:      minmay_temple_entry_purple_smoke, serial_shops, shop, kennysheep_mini,
          shop, serial_bayou_lagoon_a
D:5:      minivault_4, uniq_prince_ribbit1
D:6:      serial_shops, shop, nicolae_good_shop
D:8:      uniq_grum
D:9:      orc_0_dummy, hangedman_tell_no_tales, minmay_misc_feat_roman,
          zaba_anthole, kennysheep_generic_room_15, uniq_joseph
D:10:     uniq_josephine
D:11:     lair_0_dummy, serial_park_tiny_pond, kennysheep_opposing_triangles,
          uniq_nergalle
D:12:     serial_shops, bzr_entry_customers, uniq_frances
D:13:     serial_shops, shop, elyvilon_altar_1
Temple:   grunt_circular_temple_18
Lair:1:   forest_paths
Lair:3:   elwin_shoals_entry_rocks, infiniplex_staircase_pool_2,
          lemuel_fruit_tree
Lair:6:   dummy_snake_entry, nicolae_volcano_entry_vermiform,
          guppyfry_lair_drakes
Lair:7:   slime_altar_1, beast_lair_carwin_6, grunt_megastairs_3
Lair:8:   evil_forest, portal_ice_cave_entry_animals_and_master
Shoals:1: serial_shops, nicolae_shop_behind_doors, uniq_kirke
Shoals:2: serial_shops, shop, shop
Shoals:3: cheibrodos_shoals_roost
Shoals:4: shoals_end_simple, shoals_ilsuiw_alternative
Snake:1:  spider_trap
Snake:2:  uniq_wiglaf
Snake:3:  uniq_vashnia, uniq_donald
Snake:4:  snake_pit, grunt_ministairs_14, uniq_aizul, uniq_jorgrun
Orc:1:    serial_shops, nicolae_shop_crystal, rock_pile
Orc:2:    nicolae_alphabet_shops
Orc:3:    nicolae_orc_pool_cavern
Orc:4:    grunt_orc_gardens, grunt_orc_garden, grunt_orc_garden,
          grunt_orc_garden, grunt_orc_garden, serial_shops, shop_statue,
          okawaru_metal_pillars_1_2, uniq_nessos
Elf:1:    minmay_elf_arrival_summoners, serial_shops, nicolae_shop_behind_doors
Bazaar:   bazaar_minmay_cross
IceCv:    ice_cave_caverns_02
Volcano:  volcano_caves

Action                   |  1- 3 |  4- 6 |  7- 9 | 10-12 | 13-15 || total
-------------------------+-------+-------+-------+-------+-------++-------
Melee: Hand axe          |    49 |    67 |       |       |       ||   116
       War axe           |       |    24 |   332 |   464 |       ||   820
       Battleaxe         |       |       |       |   241 |  1170 ||  1411
       Broad axe         |       |       |       |       |     2 ||     2
Invok: Berserk           |     4 |     2 |     7 |    13 |    13 ||    39
       Trog's Hand       |       |     1 |     1 |    14 |    30 ||    46
       Brothers in Arms  |       |       |       |     3 |     6 ||     9
Evoke: Wand              |       |       |       |     2 |    14 ||    16
  Use: Scroll            |       |       |     6 |    10 |    12 ||    28
       Potion            |       |       |       |       |    13 ||    13
  Eat: Chunk             |     2 |     6 |    11 |    19 |    23 ||    61
       Fruit             |       |       |       |     3 |     4 ||     7
       Pizza             |       |       |       |     3 |     2 ||     5
       Beef jerky        |       |       |       |     1 |     1 ||     2
       Bread ration      |       |       |       |     1 |     1 ||     2
       Royal jelly       |       |       |       |     1 |       ||     1
